 Dungeon Crawl Stone Soup version 0.24-a0-584-g9d6b971ae4 (webtiles) character file.

Game seed: 2561634516577714812, levelgen mode: deterministic

835 BigAxe the Covered (level 7, -5/61 HPs)
             Began as a Minotaur Berserker on Sept 6, 2019.
             Was a Priest of Trog.
             Slain by a scorpion (7 damage)
             ... on level 6 of the Dungeon.
             The game lasted 00:32:11 (5148 turns).

BigAxe the Covered (Minotaur Berserker)             Turns: 5148, Time: 00:32:14

Health: -5/61      AC: 17    Str: 22 (23) XL:     7   Next: 66%
Magic:  0/6        EV:  7    Int:  3 (4)  God:    Trog [***...]
Gold:   290        SH:  0    Dex:  8 (10) Spells: 6/6 levels left

rFire    x . .     SeeInvis .   h - +1 mace (holy)
rCold    + . .     Gourm    .   (no shield)
rNeg     . . .     Faith    .   t - +0 plate armour
rPois    .         Spirit   +   (helmet restricted)
rElec    .         Reflect  .   v - +1 cloak {+Inv}
rCorr    .         Harm     .   l - +0 pair of gloves
MR       ++...                  o - +0 pair of boots
Stlth    ..........             s - amulet of guardian spirit
HPRegen  1.20/turn              q - ring of ice
MPRegen  0.10/turn              (no ring)

@: lethally poisoned (-5 -> -6), berserk cooldown, regenerating
A: retaliatory headbutt, horns 2
a: Berserk, Trog's Hand, Renounce Religion, Evoke Invisibility


You were on level 6 of the Dungeon.
You worshipped Trog.
Trog was most pleased with you.
You were not hungry.

You visited 2 branches of the dungeon, and saw 7 of its levels.

You collected 290 gold pieces.

Inventory:

Hand Weapons
 a - a +0 mace
 d - a +1 hand axe
 f - a +0 spear
 h - a +1 mace of holy wrath (weapon)
Missiles
 b - 8 javelins (quivered)
Armour
 j - a +3 leather armour
 l - a +0 pair of gloves (worn)
 m - the +1 helmet of Hospitality {rF+ rN+ rCorr}
   (You took it off Robin on level 3 of the Dungeon)

   It protects you from fire.
   It protects you from negative energy.
   It provides partial protection from all sources of acid and corrosion.
 o - a +0 pair of boots (worn)
 t - a +0 plate armour (worn)
 v - a +1 cloak of invisibility (worn)
Jewellery
 q - a ring of ice (left hand)
 s - an amulet of guardian spirit (around neck)
Wands
 n - a wand of iceblast (7)
 x - a wand of flame (12)
Scrolls
 g - a scroll of teleportation
 i - 2 scrolls of fear
 k - 5 scrolls of remove curse
 r - 2 scrolls of identify
 w - a scroll of enchant weapon
Potions
 e - a potion of curing
 p - 3 potions of haste
 u - a potion of mutation {unknown}
Comestibles
 c - 10 rations


   Skills:
 + Level 5.4 Fighting
 + Level 6.1(6.8) Axes
 + Level 4.5(6.0) Maces & Flails
 + Level 6.6 Armour
 + Level 2.9 Dodging
 + Level 0.2 Stealth


You had 6 spell levels left.
You didn't know any spells.
Your spell library was empty.

Dungeon Overview and Level Annotations

Branches:
Dungeon (6/15)             Temple (1/1) D:5

Altars:
Cheibriados
Dithmenos
Elyvilon
Fedhas
Makhleb
Nemelex Xobeh
Okawaru
Qazlal
Ru
Sif Muna
Trog
Vehumet
Wu Jian
Xom
Yredelemnul
Zin
The Shining One


Innate Abilities, Weirdness & Mutations

You reflexively headbutt those who attack you in melee.
You have a pair of horns on your head.


Message History

The scorpion stings you but does no damage.
You hit the scorpion but do no damage. Your headbutt misses the scorpion.
The scorpion is heavily wounded.
You feel yourself speed up. The yak gores you but does no damage.
The yak gores you!
* * * LOW HITPOINT WARNING * * *
The scorpion stings you but does no damage.
The yak closely misses you. You furiously retaliate!
You headbutt the yak, but do no damage. The yak barely misses you.
The scorpion stings you.
* * * LOW HITPOINT WARNING * * *
You are lethally poisoned!
The scorpion poisons you!
Your skin crawls.
You feel resistant to hostile enchantments.
You feel somewhat more hungry.
You feel sick. The yak gores you but does no damage. The yak gores you.
* * * LOW HITPOINT WARNING * * *
The scorpion stings you!
You die...

#### .. ###### ##..### ...
#....## #.....#....
......## ##.Y.......
.......# ########Y.........
.......###.....Y@sY.......Y
................###....####
......########### #....#
......# ###### .....##
.....# ....## ....# ...##


You could see 4 yaks and a scorpion.

Vanquished Creatures
  Duvessa (D:6)
  A phantom (D:4)
  A bullfrog (D:6)
  Dowan (D:6)
  A scorpion (D:3)
  Crazy Yiuf (D:5)
  2 orc priests
  4 hounds
  Ijyb (D:3)
  Robin (D:3)
  11 adders
  A shadow imp (D:5)
  An ooze (D:3)
  An adder skeleton (D:4)
  2 worms
  2 dart slugs
  5 leopard geckos
  11 orcs
  A giant cockroach (D:4)
  11 goblins
  15 hobgoblins
  2 kobolds
  2 quokkas (D:2)
  2 ball pythons
  9 bats
  2 frilled lizards
  A leopard gecko zombie (D:5)
  20 rats
113 creatures vanquished.

Notes
Turn   | Place    | Note
-------+----------+-------------------------------------------
     0 | D:1      | BigAxe the Minotaur Berserker began the quest for the Orb.
     0 | D:1      | Reached XP level 1. HP: 19/19 MP: 0/0
   292 | D:1      | Reached XP level 2. HP: 26/27 MP: 1/1
   796 | D:2      | Reached ** piety under Trog
   796 | D:2      | Reached XP level 3. HP: 33/33 MP: 2/2
  1129 | D:2      | Reached skill level 1 in Axes
  1366 | D:2      | Reached XP level 4. HP: 32/41 MP: 3/3
  1995 | D:3      | Noticed Ijyb
  2000 | D:3      | Identified the +1 helmet of Hospitality {rF+ rN+ rCorr}
  2000 | D:3      | Noticed Robin
  2005 | D:3      | Killed Ijyb
  2034 | D:3      | Reached XP level 5. HP: 46/47 MP: 4/4
  2048 | D:3      | Killed Robin
  2647 | D:3      | Reached XP level 6. HP: 53/53 MP: 5/5
  2970 | D:4      | Reached *** piety under Trog
  3383 | D:4      | Reached skill level 5 in Armour
  3574 | D:4      | Reached skill level 5 in Fighting
  3574 | D:4      | Reached skill level 5 in Axes
  3585 | D:4      | Found a glowing golden altar of the Shining One.
  4104 | D:5      | Entered Level 5 of the Dungeon
  4112 | D:5      | Reached XP level 7. HP: 61/61 MP: 6/6
  4249 | D:5      | Found a staircase to the Ecumenical Temple.
  4290 | Temple   | Entered the Ecumenical Temple
  4726 | D:5      | Found a runed translucent door.
  4729 | D:5      | Noticed Crazy Yiuf
  4739 | D:5      | Killed Crazy Yiuf
  5100 | D:6      | Noticed Duvessa
  5101 | D:6      | Noticed Dowan
  5104 | D:6      | Noticed a yak
  5109 | D:6      | Noticed a yak
  5112 | D:6      | Noticed a yak
  5112 | D:6      | Noticed a yak
  5114 | D:6      | Killed Duvessa
  5115 | D:6      | Noticed a yak
  5128 | D:6      | Killed Dowan
  5147 | D:6      | HP: 3/61 [scorpion (4)]
  5148 | D:6      | Slain by a scorpion

Levels and vault maps discovered:
D:1:      wander_arrival_peaceful_grave, layout_basic, st_stairs_7, hex_tiny,
          minmay_rat_gold_closets
D:2:      layout_basic
D:3:      layout_basic, first_ration, kennysheep_nondescript, uniq_robin,
          uniq_ijyb
D:4:      layout_layer_cave, tso_metal_star
D:5:      layout_loops_ring, minmay_temple_entry_large_hall,
          kennysheep_generic_room_6, uniq_crazy_yiuf_cottage
D:6:      layout_cave_pods, uniq_duvessa
Temple:   grunt_wide_crystal_templ

Skill      XL: |  1  2  3  4  5  6  7 |
---------------+----------------------+-----
Fighting       | 4 5 |  5.4
Maces & Flails | 4 |  4.5
Axes           | 1 2 4 5 6 |  6.1
Armour         | 3 4 5 6 |  6.6
Dodging        | |  2.9
Stealth        | |  0.2

Action                   |  1- 3 |  4- 6 |  7- 9 || total
-------------------------+-------+-------+-------++-------
Melee: Hand axe          |    66 |   162 |    37 ||   265
       Mace              |     4 |       |    47 ||    51
       Spear             |     4 |       |       ||     4
       Headbutt          |     8 |    26 |    10 ||    44
Throw: Javelin           |       |     1 |       ||     1
Invok: Berserk           |     1 |     3 |     1 ||     5
       Trog's Hand       |       |     2 |     3 ||     5
Evoke: Wand              |       |       |     1 ||     1
  Use: Scroll            |     6 |     1 |     5 ||    12
       Potion            |     4 |       |     4 ||     8
  Eat: Chunk             |     1 |     1 |     1 ||     3
       Ration            |     1 |     3 |     1 ||     5
Armor: Animal skin       |     6 |       |       ||     6
       Ring mail         |    12 |       |       ||    12
       Chain mail        |    11 |    91 |       ||   102
       Plate armour      |       |    18 |    69 ||    87
Dodge: Dodged            |    38 |    90 |    33 ||   161

Table legend:
 A = Non-vault XP
 B = Vault XP
 C = Vault XP percentage of total XP
 D = Non-vault monster count
 E = Vault monster count
 F = Vault count percentage of total count
                 A         B        C        D         E       F
            +---------+---------+-------+---------+---------+-------
      Total |     831 |     362 |  30.3 |      86 |      27 |  23.9
            +---------+---------+-------+---------+---------+-------
        D:1 |      25 |      12 |  32.4 |      14 |       9 |  39.1
        D:2 |      87 |       0 |   0.0 |      22 |       0 |   0.0
        D:3 |     203 |      75 |  27.0 |      28 |      14 |  33.3
        D:4 |     328 |       0 |   0.0 |      13 |       0 |   0.0
        D:5 |      81 |      55 |  40.4 |       7 |       2 |  22.2
        D:6 |     107 |     220 |  67.3 |       2 |       2 |  50.0
            +---------+---------+-------+---------+---------+-------
